 Dungeon Crawl Stone Soup version 0.21-a0-504-g2eda330 (webtiles) character file.

16418 4thArraOfDagon the Arsonist (level 12, -31/74 HPs)
             Began as a Barachi Fire Elementalist on Nov 25, 2017.
             Was a High Priest of Vehumet.
             Killed from afar by a fire giant (51 damage)
             ... with a bolt of fire
             ... on level 15 of the Dungeon.
             The game lasted 00:33:40 (4977 turns).

4thArraOfDagon the Arsonist (BaFE)                  Turns: 4977, Time: 00:33:41

Health: -31/74     AC:  8    Str:  9    XL:     12   Next: 37%
Magic:  7/25       EV: 11    Int: 22    God:    Vehumet [*****.]
Gold:   395        SH:  0    Dex: 10    Spells: 13/29 levels left

rFire    . . .     SeeInvis +   C - +1 dagger (elec)
rCold    . . .     Gourm    .   (no shield)
rNeg     . . .     Faith    +   r - +0 troll leather armour
rPois    .         Spirit   .   s - +2 helmet
rElec    .         Reflect  .   (no cloak)
rCorr    .         Harm     .   K - +0 pair of gloves
MR       .....                  (no boots)
Stlth    +.........             p - amulet of faith
HPRegen  0.62/turn              L - ring of see invisible
MPRegen  0.19/turn              q - +2 ring of slaying

@: can't hop, hasted, very quick
A: +LOS, swims, clumsy 1, slowness 1, strong legs 1
a: Hop, Renounce Religion


You were on level 15 of the Dungeon.
You worshipped Vehumet.
Vehumet was extremely pleased with you.
You were not hungry.

You visited 2 branches of the dungeon, and saw 16 of its levels.

You collected 451 gold pieces.
You spent 56 gold pieces at shops.

Inventory:

Hand Weapons
 z - a +2 mace of protection
 C - a +1 dagger of electrocution (weapon)
 D - a +1 great sword of holy wrath
Armour
 a - a +0 robe
 d - a +0 ring mail
 r - a +0 troll leather armour (worn)
 s - a +2 helmet (worn)
 K - a +0 pair of gloves (worn)
 Q - the +4 ring mail of Cagroth {rF+}
   (You found it on level 12 of the Dungeon)

   It protects you from fire.
 S - a cursed -2 robe
Jewellery
 h - an uncursed ring of protection from cold
 j - an uncursed ring of protection from cold
 p - an amulet of faith (around neck)
 q - a +2 ring of slaying (right hand)
 E - an uncursed ring of protection from fire
 L - a ring of see invisible (left hand)
 P - an uncursed amulet of the gourmand
Wands
 m - a wand of polymorph (3)
 n - a wand of acid (7)
 N - a wand of random effects (6)
Scrolls
 f - 5 scrolls of remove curse
 t - 2 scrolls of fog
 u - 2 scrolls of enchant weapon
 v - a scroll of summoning {unknown}
 x - 2 scrolls of fear {unknown}
 y - 2 scrolls of noise {unknown}
 G - 2 scrolls of magic mapping {unknown}
 I - 5 scrolls of immolation {unknown}
 J - a scroll of random uselessness {unknown}
 O - a scroll of enchant armour {unknown}
 T - a scroll of brand weapon {unknown}
Potions
 e - 2 potions of flight
 i - 3 potions of curing
 w - a potion of lignification
 A - a potion of heal wounds {unknown}
 B - 2 potions of brilliance
 F - 2 potions of invisibility {unknown}
 M - a potion of magic {unknown}
 R - a potion of haste
Books
 b - a book of Flames

   Spells                             Type                      Level
   a - Flame Tongue                   Conjuration/Fire             1
   b - Throw Flame                    Conjuration/Fire             2
   c - Conjure Flame                  Conjuration/Fire             3
   d - Inner Flame                    Hexes/Fire                   3
   e - Sticky Flame                   Conjuration/Fire             4
   f - Fireball                       Conjuration/Fire             5
 l - a book of Necromancy

   Spells                             Type                      Level
   a - Pain                           Necromancy                   1
   b - Animate Skeleton               Necromancy                   1
   c - Vampiric Draining              Necromancy                   3
   d - Regeneration                   Charms/Necromancy            3
   e - Animate Dead                   Necromancy                   4
   f - Control Undead                 Necromancy                   4
Comestibles
 c - 4 bread rations
 k - 5 meat rations
 H - 9 royal jellies
 U - 4 chunks of flesh


   Skills:
 - Level 2.1 Dodging
 - Level 1.7 Stealth
 + Level 9.2 Spellcasting
 * Level 13.4 Conjurations
 * Level 13.7 Fire Magic


You had 13 spell levels left.
You knew the following spells:

 Your Spells              Type           Power        Failure   Level  Hunger
a - Flame Tongue          Conj/Fire      #####        1%          1    None
b - Conjure Flame         Conj/Fire      ######..     1%          3    None
c - Sticky Flame          Conj/Fire      ######..     1%          4    ##.....
d - Fireball              Conj/Fire      ######....   1%          5    ####...
e - Regeneration          Chrm/Necr      ##........   28%         3    None


Dungeon Overview and Level Annotations

Branches:
Dungeon (15/15)            Temple (1/1) D:5             Orc (0/2) D:11
 Depths (0/5) D:15
   Lair: D:8-11      Vaults: D:13-14

Altars:
Cheibriados
Fedhas
Hepliaklqana
Qazlal
Vehumet
Wu Jian

Shops:
D:4 [   D:7 ?=(   D:12 =

Annotations:
D:10 Snorg


Innate Abilities, Weirdness & Mutations

Shadows flee at your approach. (+LOS)
You can swim through water.
You cover ground slowly.
You can hop short distances.
You are clumsy. (Dex -2)


Message History

The troll misses you.
A bullfrog comes into view.
Unknown command.
Unknown command.
Unknown command.
Unknown command.
Unknown command.
Unknown command.
The purple ugly thing gurgles horribly!
Unknown command.
Unknown command.
Unknown command.
Unknown command.
The bullfrog gives a loud, deep croak!
The purple ugly thing stings you!
* * * LOW HITPOINT WARNING * * *
The fire giant casts a spell at you. The bolt of fire hits you!
Ouch! That really hurt!
You die...

### #.. .#. #.#
...#### #.#
....u.. #.#
hu.uu.##.# .
§.Z≈§§#.# ≈≈.
§≈§§..#
§§≈.≈#§§.@######+#
≈§.≈≈§§.uT........
.§.!C≈§≈..O.......
≈.>.≈≈#...........
§....≈≈§.#........
≈.≈.≈≈§..#....F...
≈≈≈≈#≈§.#...../..
≈§#≈≈≈≈..#........
≈.≈.≈..##........


You could see a fire giant, 3 ugly things, a two-headed ogre, a troll and a
bullfrog.

Vanquished Creatures
  A hydra (D:12)
  A catoblepas (D:13)
  5 two-headed ogres
  A tengu warrior (D:15)
  The ghost of KristoblXynda the Slinger, a novice HaHu of Dithmenos (D:9)
  An unseen horror (D:13)
  A deep elf mage (D:12)
  A cyclops (D:14)
  Psyche (D:11)
  3 gargoyles
  A tengu conjurer (D:14)
  3 trolls
  2 hornets (D:9)
  A meliai zombie (D:12)
  6 slime creatures (D:13)
  A hippogriff (D:7)
  A wraith (D:12)
  A wyvern (D:13)
  4 yaks
  A hungry ghost (D:10)
  A basilisk (D:13)
  A soldier ant (D:9)
  A water moccasin (D:12)
  2 ice beasts
  A black bear (D:9)
  3 sky beasts
  3 orc warriors
  2 phantoms
  2 eyes of draining
  A necrophage (D:12)
  3 ogres
  3 centaurs
  2 big kobolds
  6 bullfrogs
  2 scorpions
  2 wyvern skeletons (D:9)
  4 killer bees
  4 wights (D:13)
  8 howler monkeys
  2 crimson imps
  A quasit (D:12)
  A bullfrog zombie (D:5)
  A centaur zombie (D:9)
  3 orc priests
  Terence (D:3)
  3 bullfrog skeletons
  4 hounds
  11 orc wizards
  2 iguanas
  2 worker ants (D:6)
  A killer bee zombie (D:9)
  4 adders
  3 shadow imps
  A white imp (D:6)
  An ooze (D:3)
  3 adder skeletons
  2 worms
  A dart slug (D:1)
  8 leopard geckos
  35 orcs
  A ball python (D:3)
  3 bats
  2 goblins (D:3)
  2 hobgoblins
  7 jackals
  12 kobolds
  3 quokkas
  A frilled lizard (D:3)
  A giant cockroach zombie (D:6)
  A leopard gecko zombie (D:7)
  2 quokka skeletons
  4 rats
217 creatures vanquished.

Notes
Turn   | Place    | Note
-------+----------+-------------------------------------------
     0 | D:1      | 4thArraOfDagon the Barachi Fire Elementalist began the quest for the Orb.
     0 | D:1      | Reached XP level 1. HP: 13/13 MP: 3/3
   257 | D:3      | Reached XP level 2. HP: 19/19 MP: 3/5
   292 | D:5      | Entered Level 5 of the Dungeon
   379 | D:5      | Noticed a howler monkey
   494 | D:6      | Noticed an ice beast
   501 | D:6      | Killed an ice beast
   501 | D:6      | Reached XP level 3. HP: 14/24 MP: 0/7
   501 | D:6      | Reached XP level 4. HP: 17/30 MP: 0/8
   506 | D:6      | Learned a level 3 spell: Conjure Flame
   511 | D:6      | Learned a level 4 spell: Sticky Flame
   575 | D:7      | Found Caewyuc's Magic Scroll Shoppe.
   576 | D:7      | Noticed a troll
   602 | D:6      | Reached XP level 5. HP: 33/35 MP: 3/9
   755 | D:6      | Noticed a sky beast
   771 | D:6      | Killed a sky beast
   771 | D:6      | Reached skill level 5 in Fire Magic
   771 | D:6      | Reached XP level 6. HP: 11/41 MP: 0/11
   891 | D:7      | Killed a troll
   891 | D:7      | Reached skill level 5 in Conjurations
   891 | D:7      | Reached XP level 7. HP: 34/46 MP: 3/13
   899 | D:7      | Found Torphegh's Jewellery Shoppe.
   918 | D:7      | Bought a scroll of identify for 28 gold pieces
   918 | D:7      | Bought a scroll of fog for 28 gold pieces
   944 | D:7      | Noticed a hippogriff
   960 | D:7      | Learned a level 5 spell: Fireball
   979 | D:7      | Noticed a gargoyle
  1109 | D:4      | Found Tuorya's Armour Shoppe.
  1118 | D:4      | Thaneod: <1500 turn and 7 lvl
  1135 | D:4      | 4thArraOfDagon: it doesnt matter
  1135 | D:4      | 4thArraOfDagon: with no god
  1135 | D:4      | 4thArraOfDagon: it equals to d:3 and 1.5k turns :D
  1356 | D:5      | Reached XP level 8. HP: 23/52 MP: 0/14
  1479 | D:5      | Found a staircase to the Ecumenical Temple.
  1489 | Temple   | Entered the Ecumenical Temple
  1496 | Temple   | Became a worshipper of Vehumet
  1740 | D:3      | Noticed Terence
  1751 | D:3      | Killed Terence
  2317 | D:6      | Reached * piety under Vehumet
  2317 | D:6      | Offered knowledge of Sandblast by Vehumet.
  2500 | D:7      | Killed a gargoyle
  2500 | D:7      | Reached skill level 5 in Spellcasting
  2606 | D:7      | Reached XP level 9. HP: 53/57 MP: 11/17
  2652 | D:7      | magipi: I guess the elec dagger deals more damage than that great sword
  2663 | D:7      | Found Hudwet's Weapon Shoppe.
  2868 | D:9      | Noticed a troll
  2884 | D:9      | Killed a troll
  2884 | D:9      | Reached ** piety under Vehumet
  2898 | D:9      | Noticed KristoblXynda's ghost (novice HaHu)
  2923 | D:9      | Offered knowledge of Searing Ray by Vehumet.
  2949 | D:9      | Noticed a two-headed ogre
  2958 | D:9      | Killed a two-headed ogre
  3002 | D:10     | Entered Level 10 of the Dungeon
  3058 | D:9      | Offered knowledge of Static Discharge by Vehumet.
  3058 | D:9      | Reached skill level 10 in Fire Magic
  3096 | D:9      | Reached XP level 10. HP: 63/63 MP: 12/19
  3099 | D:9      | Killed KristoblXynda's ghost
  3099 | D:9      | Reached skill level 10 in Conjurations
  3151 | D:9      | Reached *** piety under Vehumet
  3179 | D:9      | Noticed a two-headed ogre
  3190 | D:9      | Killed a two-headed ogre
  3361 | D:9      | Offered knowledge of Force Lance by Vehumet.
  3630 | D:10     | Noticed a two-headed ogre
  3638 | D:10     | Killed a two-headed ogre
  3638 | D:10     | Reached XP level 11. HP: 35/68 MP: 8/22
  3673 | D:11     | Noticed Psyche
  3677 | D:11     | Killed Psyche
  3713 | D:11     | Reached **** piety under Vehumet
  3720 | D:11     | Noticed a six-headed hydra
  3744 | D:10     | Offered knowledge of Dazzling Spray by Vehumet.
  3828 | D:10     | Noticed Snorg
  3831 | D:11     | Found a staircase to the Orcish Mines.
  3870 | D:12     | Found Puluax's Jewellery Boutique.
  3883 | D:12     | Got a scorched ring mail
  3895 | D:12     | Identified the +4 ring mail of Cagroth {rF+} (You found it on level 12 of the Dungeon)
  3963 | D:12     | Noticed a two-headed ogre
  3970 | D:12     | Noticed a seven-headed hydra
  3986 | D:12     | Killed a seven-headed hydra
  4060 | D:12     | Noticed a deep elf mage
  4069 | D:12     | Killed a deep elf mage
  4111 | D:12     | Killed a two-headed ogre
  4167 | D:12     | Noticed a cyclops
  4194 | D:13     | Noticed a cyclops
  4218 | D:13     | Noticed a vault guard
  4308 | D:12     | Noticed a seven-headed hydra
  4314 | D:13     | Gained mutation: You are clumsy. (Dex -2) [mutagenic meat]
  4330 | D:13     | Noticed an unseen horror
  4333 | D:13     | Killed an unseen horror
  4361 | D:14     | Noticed a centaur warrior
  4395 | D:13     | Noticed a catoblepas
  4404 | D:13     | Killed a catoblepas
  4516 | D:13     | Reached ***** piety under Vehumet
  4568 | D:14     | Noticed a centaur warrior
  4607 | D:13     | Offered knowledge of Venom Bolt by Vehumet.
  4624 | D:13     | Reached XP level 12. HP: 58/74 MP: 7/24
  4814 | D:13     | Learned a level 3 spell: Regeneration
  4894 | D:14     | Noticed a two-headed ogre
  4916 | D:14     | Killed a two-headed ogre
  4953 | D:14     | Noticed a tengu reaver
  4954 | D:14     | Noticed a centaur warrior
  4956 | D:14     | Noticed a tengu warrior
  4959 | D:15     | Entered Level 15 of the Dungeon
  4963 | D:15     | Killed a tengu warrior
  4973 | D:15     | Found a staircase to the Depths.
  4973 | D:15     | Noticed a two-headed ogre
  4974 | D:15     | Noticed a fire giant
  4977 | D:15     | Killed from afar by a fire giant

Vault maps used:
D:1:      scummos_arrival_forest
D:2:      lemuel_round_altar, eino_curves_04
D:3:      first_bread, uniq_terence
D:4:      serial_shops, nicolae_shop_waterfront
D:5:      minmay_temple_entry_poolview
D:6:      kennysheep_spiral_hall
D:7:      serial_shops, shop, shop, shop
D:8:      serial_shops, nicolae_shop_stone
D:9:      hangedman_pestilent_swarm, kennysheep_generic_room_11
D:10:     hangedman_abyss_or_decor_stabs, uniq_snorg
D:11:     erik_lair_island, uniq_psyche, uniq_urug
D:12:     serial_shops, shop, xom_teletrap_fun
D:13:     grunt_vaults_entry_fortified, grunt_ministairs_1
D:14:     minmay_chopped_fan
D:15:     grunt_enter_depths_giant_problem, uniq_azrael
Temple:   nicolae_temple_the_god_donut

Skill      XL: |  1  2  3  4  5  6  7  8  9 10 11 12 |
---------------+-------------------------------------+-----
Conjurations   | 3 4 5 6 7 9 11 12 13 | 13.4
Fire Magic     | 4 5 6 8 10 11 13 | 13.7
Spellcasting   | 3 4 5 6 7 8 9 |  9.2
Dodging        | |  2.1
Stealth        | |  1.7

Action                   |  1- 3 |  4- 6 |  7- 9 | 10-12 || total
-------------------------+-------+-------+-------+-------++-------
Melee: Unarmed           |     4 |     9 |    57 |       ||    70
       Dagger            |       |       |    34 |   169 ||   203
       Great sword       |       |       |    59 |       ||    59
Throw: Stone             |     1 |       |       |       ||     1
 Cast: Flame Tongue      |    13 |    25 |    75 |   124 ||   237
       Sticky Flame      |       |     4 |    18 |    39 ||    61
       Conjure Flame     |       |     1 |     9 |    30 ||    40
       Fireball          |       |       |     1 |    15 ||    16
 Abil: Hop               |     1 |       |     1 |     3 ||     5
Evoke: Wand              |     2 |    12 |    11 |    25 ||    50
  Use: Scroll            |     2 |       |     7 |     4 ||    13
       Potion            |       |       |     1 |     5 ||     6
 Stab: Sleeping          |       |       |     2 |       ||     2
  Eat: Chunk             |       |     2 |     7 |     7 ||    16
       Meat ration       |       |       |     1 |       ||     1
       Royal jelly       |       |       |       |     3 ||     3
       Fruit             |       |       |       |     3 ||     3
Armor: Robe              |     8 |     2 |     1 |       ||    11
       Troll leather arm |       |       |    61 |    58 ||   119
       Skin              |       |       |     1 |     6 ||     7
Dodge: Dodged            |    12 |    16 |   149 |   124 ||   301
       Rpst.: Great sword |       |       |    18 |       ||    18

Table legend:
 A = Spawn XP
 B = Non-spawn XP
 C = Spawn XP percentage of total XP
 D = Spawn monster count
 E = Non-spawn monster count
 F = Spawn count percentage of total count
 G = Total turns spent on level
                    A         B        C        D         E        F      G
               +---------+---------+-------+---------+---------+-------+---------
         Total |       0 |   23455 |   0.0 |       0 |     217 |   0.0 |  4977
               +---------+---------+-------+---------+---------+-------+---------
           D:1 |       0 |       7 |   0.0 |       0 |       3 |   0.0 |   179
           D:2 |       0 |       2 |   0.0 |       0 |       1 |   0.0 |    59
           D:3 |       0 |     235 |   0.0 |       0 |      21 |   0.0 |   441
           D:4 |       0 |      44 |   0.0 |       0 |       2 |   0.0 |   537
           D:5 |       0 |     325 |   0.0 |       0 |      15 |   0.0 |   426
           D:6 |       0 |     691 |   0.0 |       0 |      22 |   0.0 |   723
           D:7 |       0 |    1484 |   0.0 |       0 |      20 |   0.0 |   367
           D:8 |       0 |      93 |   0.0 |       0 |       5 |   0.0 |   127
           D:9 |       0 |    5654 |   0.0 |       0 |      45 |   0.0 |   606
          D:10 |       0 |    1761 |   0.0 |       0 |      19 |   0.0 |   302
          D:11 |       0 |     589 |   0.0 |       0 |       5 |   0.0 |    63
          D:12 |       0 |    3975 |   0.0 |       0 |      17 |   0.0 |   358
          D:13 |       0 |    5424 |   0.0 |       0 |      31 |   0.0 |   645
          D:14 |       0 |    2228 |   0.0 |       0 |       9 |   0.0 |   111
          D:15 |       0 |     943 |   0.0 |       0 |       2 |   0.0 |    18
               +---------+---------+-------+---------+---------+-------+---------
